 Dungeon Crawl Stone Soup version 0.17-a0-2098-gf59d6bc (webtiles) character file.

3615 Ohli the Fighter (level 9, -2/66 HPs)
             Began as a Demonspawn Fighter on Oct 17, 2015.
             Was an Elder of Okawaru.
             Slain by a profane servitor
             ... wielding a +2 demon whip
              (21 damage)
             ... on level 1 of the Abyss.
             The game lasted 00:56:22 (8488 turns).

Ohli the Fighter (Demonspawn Fighter)               Turns: 8488, Time: 00:56:22

Health: -2/66      AC: 11    Str: 20    XL:     9   Next: 86%
Magic:  9/9        EV: 11    Int:  9    God:    Okawaru [****..]
Gold:   304        SH: 10    Dex: 13    Spells: 0 memorised, 8 levels left

rFire  + . .     SeeInvis +     G - +3 hand axe
rCold  x . .     Clarity  .     e - +0 plate armour
rNeg   . . .     SustAt   .     c - +0 shield
rPois  .         Gourm    +     B - +1 helmet
rElec  .         Spirit   .     (no cloak)
rCorr  .         Warding  .     (no gloves)
rMut   .         Stasis   .     (no boots)
MR     .....                    o - amulet of the gourmand
Stlth  ..........               r - ring of fire
                                k - +5 ring of evasion

@: wreathed by umbra, drained, not resistant to hostile enchantments, extremely
unstealthy
A: talons 1, see invisible, breathe flames 1, deformed body, demonic guardian 2,
frail 1, powered by death 1, shaggy fur 1, evolution 1
a: Heroism, Renounce Religion, Breathe Fire


You were on level 1 of the Abyss.
You worshipped Okawaru.
Okawaru was greatly pleased with you.
You were not hungry.

You visited 1 branch of the dungeon, and saw 8 of its levels.
You visited the Abyss 1 time.
You also visited: Sewer and Ossuary.

You collected 304 gold pieces.

Inventory:

Hand Weapons
 G - a +3 hand axe (weapon)
Missiles
 i - 11 poisoned javelins (quivered)
 V - a throwing net
Armour
 b - a +0 scale mail
 c - a +0 shield (worn)
 e - a +0 plate armour (worn)
 B - a +1 helmet (worn)
 L - a +0 ring mail
Jewellery
 k - a +5 ring of evasion (left hand)
 o - an amulet of the gourmand (around neck)
 r - a ring of fire (right hand)
Wands
 a - a wand of teleportation (0)
 I - a wand of confusion (29)
 O - a wand of digging (13)
 P - a wand of polymorph (11)
 W - a wand of disintegration (8)
 Y - a wand of frost (18)
Scrolls
 f - 2 scrolls of remove curse
 q - a scroll of random uselessness
 w - a scroll of fear
 y - a scroll of magic mapping
 D - 7 scrolls of identify
 H - a scroll of amnesia
 Q - 2 scrolls of teleportation
 X - a scroll of vulnerability {unknown}
Potions
 d - 4 potions of might
 h - a potion of haste {unknown}
 j - 3 potions of flight
 m - 2 potions of brilliance
 p - a potion of resistance {unknown}
 s - a potion of invisibility {unknown}
 x - 2 potions of magic
 A - a potion of poison {unknown}
 E - a potion of berserk rage {unknown}
 U - a potion of agility {unknown}
Books
 J - a book of Alchemy

   Spells                             Type                      Level
   a - Sublimation of Blood           Necromancy                   2
   b - Ignite Poison                  Fire/Transmutation/Poison    3
   c - Alistair's Intoxication        Transmutation/Poison         4
   d - Condensation Shield            Ice                          4
   e - Petrify                        Transmutation/Earth          4
   f - Irradiate                      Conjuration/Transmutation    5
 N - a book of Cantrips

   Spells                             Type                      Level
   a - Corona                         Hexes                        1
   b - Animate Skeleton               Necromancy                   1
   c - Summon Small Mammal            Summoning                    1
   d - Apportation                    Translocation                1
Miscellaneous
 T - a plain deck of escape {drawn: 3}
Comestibles
 n - a royal jelly
 z - 5 meat rations
 C - 2 slices of pizza
 K - 5 bread rations
 M - a fruit
 S - 7 beef jerkies


   Skills:
 * Level 8.1(7.8) Fighting
 - Level 4.0(3.8) Axes
 + Level 1.0(0.7) Throwing
 * Level 6.8(6.5) Armour
 + Level 5.0(4.7) Dodging
 + Level 0.8(0.5) Stealth
 + Level 6.8(6.5) Shields
 + Level 0.2(0.0) Evocations


You had 8 spell levels left.
You didn't know any spells.

Dungeon Overview and Level Annotations

Branches:
Dungeon (8/15)             Temple (0/1) D:6
   Lair: D:8-11

Altars:
Cheibriados
Fedhas
Gozag
Okawaru
Sif Muna
Zin

Shops:
D:6 %


Innate Abilities, Weirdness & Mutations

You have sharp toenails.
A demonic guardian rushes to your aid.
You regenerate a little health from kills.
You have supernaturally acute eyesight.
You can breathe flames.
Armour fits poorly on your strangely shaped body.
You are frail (-10% HP).
You are covered in fur (AC +1).
You evolve.


Message History

A profane servitor comes into view. It is wielding an enchanted demon whip.
A wraith comes into view.
Found a bubbling pink potion.
The profane servitor hits your soul eater with an enchanted demon whip!
The profane servitor hits your soul eater with an enchanted demon whip.
Your soul eater hits the profane servitor!!
You feel a genetic drift.
You feel clever.
You block the profane servitor's attack.
The profane servitor hits you with an enchanted demon whip!
The profane servitor misses you.
The profane servitor hits you with an enchanted demon whip.
You feel drained.
* * * LOW HITPOINT WARNING * * *
Evoke which item? (* to show all) (? for menu, Esc to quit)
Zapping:
a - a wand of teleportation {zapped: 3} (will waste charges)
Press: ? - help, Shift-Dir - straight line, f - you Nothing appears to happen.
The profane servitor hits you with an enchanted demon whip!!
You die...

. #. . ## #.
4# ####.#
##.#@.#
##.#A###
#..### #.#.
#### ### 3...#
.####.#...#
#...##A..##.#.
.#3#.#... ##
.##...###.


You could see a profane servitor and a friendly sixfirhy.

Vanquished Creatures
  A yak (D:8)
  A water moccasin (D:4)
  6 ogres
  An eye of draining (D:8)
  A centaur (D:6)
  A phantom (D:6)
  A crocodile (D:7)
  A giant frog (D:6)
  3 wights (D:6)
  A centaur zombie (D:7)
  4 crimson imps
  A giant frog zombie (D:7)
  A quasit (D:7)
  A jelly (D:4)
  2 iguanas (D:8)
  A centaur skeleton (D:5)
  4 orc wizards
  2 orc priests
  5 worker ants
  A killer bee zombie (D:5)
  6 big kobold zombies (Ossuary)
  2 hound skeletons
  A mummy (Ossuary)
  Robin (D:3)
  10 adders
  5 gnolls
  4 river rats (D:2)
  A shadow imp (D:6)
  2 oozes
  3 worms
  An adder skeleton (D:4)
  9 giant geckos
  14 orcs
  A spectral bat (Ossuary)
  13 bats
  A bat simulacrum (Ossuary)
  21 goblins
  14 hobgoblins
  17 kobolds
  5 ball pythons
  2 ball python skeletons
  7 giant cockroaches
  2 giant gecko skeletons (D:5)
  14 giant newts
  6 gnoll zombies (Ossuary)
  3 goblin simulacra (Ossuary)
  4 goblin zombies (Ossuary)
  6 hobgoblin zombies (Ossuary)
  9 jackals
  A jackal skeleton (D:5)
  A jackal zombie (D:4)
  2 kobold simulacra (Ossuary)
  5 kobold zombies (Ossuary)
  3 orc zombies (Ossuary)
  5 quokkas
  9 rats
  4 rat simulacra (Ossuary)
  4 spectral goblins (Ossuary)
  4 spectral kobolds (Ossuary)
  A spectral rat (Ossuary)
  5 plants
267 creatures vanquished.

Vanquished Creatures (collateral kills)
  Pikel (D:8)
  A worldbinder (Abyss:1)
  A ynoxinul (Abyss:1)
  Eustachio (D:5)
  Menkaure (D:5)
  Edmund (D:4)
  A sky beast (Abyss:1)
  Duvessa (D:6)
  Purgy (D:4)
  An ogre (D:4)
  Dowan (D:6)
  7 wights (D:6)
  A scorpion (D:6)
  4 starcursed masses (Abyss:1)
  An orc wizard (D:8)
  A small abomination (Abyss:1)
  2 adders (D:5)
  An orc (D:4)
  A giant cockroach (D:5)
29 creatures vanquished.

Vanquished Creatures (others)
  A slave (D:8)
  2 spectral goblins (Ossuary)
  A spectral rat (Ossuary)
  A lurking horror (Abyss:1)
  2 plants (D:2)
7 creatures vanquished.

Grand Total: 303 creatures vanquished

Notes
Turn   | Place    | Note
--------------------------------------------------------------
     0 | D:1      | Ohli the Demonspawn Fighter began the quest for the Orb.
     0 | D:1      | Reached XP level 1. HP: 18/18 MP: 1/1
   275 | D:1      | Gained mutation: A weak demonic guardian rushes to your aid. [demonic ancestry]
   275 | D:1      | Reached XP level 2. HP: 24/24 MP: 2/2
   657 | D:1      | Reached XP level 3. HP: 29/29 MP: 3/3
  1219 | D:2      | Reached skill level 1 in Dodging
  1320 | D:2      | Gained mutation: A demonic guardian rushes to your aid. [demonic ancestry]
  1320 | D:2      | Reached XP level 4. HP: 35/35 MP: 4/4
  1621 | D:2      | Found an opulent altar of Gozag.
  2075 | D:2      | Gained mutation: You regenerate a little health from kills. [demonic ancestry]
  2075 | D:2      | Reached XP level 5. HP: 41/41 MP: 5/5
  2345 | D:3      | Found a glowing drain.
  2369 | Sewer    | Entered a sewer
  2475 | Sewer    | Reached skill level 4 in Shields
  3378 | D:3      | Noticed Robin
  3379 | D:3      | Found an iron altar of Okawaru.
  3425 | D:3      | Killed Robin
  3426 | D:3      | Gained mutation: You have sharp toenails. [demonic ancestry]
  3426 | D:3      | Reached XP level 6. HP: 46/48 MP: 6/6
  3547 | D:3      | Became a worshipper of Warmaster Okawaru
  3886 | D:4      | Found a deep blue altar of Sif Muna.
  3886 | D:4      | Found an iron altar of Okawaru.
  3887 | D:4      | Found a glowing silver altar of Zin.
  4025 | D:4      | Found a sand-covered staircase.
  4059 | Ossuary  | Entered an ossuary
  4271 | Ossuary  | Reached XP level 7. HP: 52/54 MP: 7/7
  4364 | Ossuary  | Reached * piety under Okawaru
  4723 | D:4      | Noticed Purgy
  4735 | D:4      | Killed Purgy
  4908 | D:4      | Noticed Edmund
  4917 | D:4      | Killed Edmund
  4917 | D:4      | Reached ** piety under Okawaru
  4917 | D:4      | Reached skill level 5 in Fighting
  5066 | D:4      | Reached skill level 5 in Shields
  5266 | D:5      | Entered Level 5 of the Dungeon
  5269 | D:5      | Noticed Eustachio
  5275 | D:5      | Killed Eustachio
  5275 | D:5      | Reached XP level 8. HP: 63/63 MP: 8/8
  5504 | D:5      | Noticed Menkaure
  5509 | D:5      | Killed Menkaure
  5600 | D:5      | Found a blossoming altar of Fedhas.
  5657 | D:5      | Reached skill level 6 in Fighting
  5768 | D:5      | Reached skill level 5 in Armour
  5847 | D:6      | Found a staircase to the Ecumenical Temple.
  5858 | D:6      | Reached *** piety under Okawaru
  5879 | D:6      | Noticed Duvessa
  5879 | D:6      | Noticed Dowan
  5883 | D:6      | Killed Duvessa
  5886 | D:6      | Killed Dowan
  6084 | D:6      | Found Ebepotue's Food Boutique.
  6365 | D:6      | Reached skill level 7 in Fighting
  6584 | D:6      | Reached XP level 9. HP: 62/72 MP: 9/9
  7790 | D:8      | Reached **** piety under Okawaru
  7895 | D:8      | Found a snail-covered altar of Cheibriados.
  7931 | D:8      | Noticed Pikel
  7934 | D:8      | Killed Pikel
  7998 | D:8      | Cast into the Abyss (orc priest)
  8041 | Abyss:1  | Noticed a profane servitor
  8041 | Abyss:1  | Noticed a starcursed mass
  8047 | Abyss:1  | Noticed a worldbinder
  8047 | Abyss:1  | Reached skill level 8 in Fighting
  8048 | Abyss:1  | Paralysed by accursed screaming for 1 turns
  8051 | Abyss:1  | Killed a starcursed mass
  8125 | Abyss:1  | Noticed a reaper
  8143 | Abyss:1  | Noticed a green death
  8158 | Abyss:1  | Noticed a thrashing horror
  8172 | Abyss:1  | Noticed a giant orange brain
  8301 | Abyss:1  | Noticed an iron dragon zombie
  8327 | Abyss:1  | Noticed a smoke demon
  8339 | Abyss:1  | Noticed a worldbinder
  8342 | Abyss:1  | Noticed a starcursed mass
  8346 | Abyss:1  | Noticed an elephant
  8348 | Abyss:1  | Noticed a starcursed mass
  8352 | Abyss:1  | Gained mutation: You evolve. [potion of mutation]
  8352 | Abyss:1  | Gained mutation: You can breathe flames. [potion of mutation]
  8352 | Abyss:1  | Gained mutation: Armour fits poorly on your strangely shaped body. [potion of mutation]
  8352 | Abyss:1  | HP: 1/74 [worldbinder (5)]
  8356 | Abyss:1  | Paralysed by accursed screaming for 1 turns
  8377 | Abyss:1  | Killed a worldbinder
  8377 | Abyss:1  | Reached skill level 1 in Throwing
  8378 | Abyss:1  | Killed a starcursed mass
  8391 | Abyss:1  | Noticed a frost giant zombie
  8392 | Abyss:1  | Killed a starcursed mass
  8398 | Abyss:1  | Killed a starcursed mass
  8398 | Abyss:1  | Reached skill level 5 in Dodging
  8400 | Abyss:1  | Noticed a smoke demon
  8404 | Abyss:1  | Gained mutation: You are dopey. (Int -2) [potion of mutation]
  8405 | Abyss:1  | Gained mutation: You are frail (-10% HP). [potion of mutation]
  8406 | Abyss:1  | Gained mutation: You have supernaturally acute eyesight. [potion of mutation]
  8406 | Abyss:1  | Gained mutation: You are covered in fur (AC +1). [potion of mutation]
  8414 | Abyss:1  | HP: 3/66 [frost giant zombie (16)]
  8466 | Abyss:1  | Noticed a profane servitor
  8479 | Abyss:1  | Lost mutation: You are dopey. (Int -2) [evolution]
  8488 | Abyss:1  | Slain by a profane servitor

Vault maps used:
D:1:      roderic_octagonal_star
D:2:      wad_woods_stonehenge
D:3:      portal_sewer_entry_d, okawaru_trees_1, uniq_robin
D:4:      gammafunk_temple_overflow_forgotten, enter_ossuary_3, uniq_edmund,
          uniq_purgy
D:5:      first_bread, fedhas_altar_1, uniq_eustachio, uniq_menkaure
D:6:      serial_shops, shop, uniq_duvessa
D:7:      grunt_ogre_cave
D:8:      serial_shops, nicolae_shop_crystal, lemuel_statue_altar, uniq_pikel
Sewer:    sewer_co_scattered_pipes
Ossuary:  ossuary_zaba_two_paths

Action                   |  1- 3 |  4- 6 |  7- 9 || total
-------------------------+-------+-------+-------++-------
Melee: War axe           |   171 |   553 |   332 ||  1056
       Hand axe          |       |       |   185 ||   185
Throw: Javelin           |       |       |    10 ||    10
Evoke: Wand              |       |       |     3 ||     3
       Deck              |       |       |     3 ||     3
  Use: Potion            |       |       |    15 ||    15
       Scroll            |       |       |    12 ||    12
  Eat: Chunk             |     9 |    10 |    14 ||    33
       Bread ration      |     1 |       |       ||     1
